 Dungeon Crawl Stone Soup version 0.21.1-1-g345015fe64 (webtiles) character file.

1818 PentaManta the Covert (level 9, -3/57 HPs)
             Began as an Octopode Assassin on Mar 22, 2018.
             Slain by a gnoll
             ... wielding a +0 halberd
              (8 damage)
             ... on level 6 of the Dungeon.
             The game lasted 00:42:10 (6845 turns).

PentaManta the Covert (Octopode Assassin)           Turns: 6845, Time: 00:42:10

Health: -3/57      AC:  1    Str: 11    XL:     9   Next: 10%
Magic:  18/18      EV: 17    Int: 13    God:
Gold:   98         SH:  0    Dex: 16    Spells: 8/8 levels left

rFire    . . .     SeeInvis .     - Unarmed
rCold    . . .     Gourm    .   (no shield)
rNeg     . . .     Faith    .   (helmet restricted)
rPois    .         Spirit   .   r - amulet of regeneration
rElec    .         Reflect  .   i - ring of magical power
rCorr    .         Harm     .   o - ring of flight
MR       .....                  (no ring)
Stlth    +++++.....             (no ring)
HPRegen  0.59/turn              (no ring)
MPRegen  0.16/turn              (no ring)
                                (no ring)
                                (no ring)

@: no status effects
A: almost no armour, stealthy swim, amphibious, 8 rings, constrict 8, camouflage
1, gelatinous body 1
a: Evoke Flight


You were on level 6 of the Dungeon.
You were not hungry.

You visited 1 branch of the dungeon, and saw 6 of its levels.
You also visited: Sewer.

You collected 318 gold pieces.
You spent 220 gold pieces at shops.

Inventory:

Hand Weapons
 a - a +2 dagger
 b - a +0 blowgun
Missiles
 c - 42 poisoned needles
 d - 2 curare-tipped needles
 n - 143 stones (quivered)
Jewellery
 i - a ring of magical power (left tentacle)
 o - a ring of flight (right tentacle)
 r - an amulet of regeneration (around mantle)
Wands
 u - a wand of polymorph (12)
 v - a wand of enslavement (3)
Scrolls
 h - 5 scrolls of remove curse
 m - a scroll of blinking {unknown}
 p - a scroll of amnesia
 q - a scroll of enchant weapon {unknown}
Potions
 g - 3 potions of lignification
 k - 3 potions of agility
 l - 6 potions of curing
 s - a potion of flight {unknown}
 t - a potion of mutation {unknown}
Books
 e - a book of Cantrips

   Spells                             Type                      Level
   a - Confusing Touch                Hexes                        1
   b - Animate Skeleton               Necromancy                   1
   c - Summon Small Mammal            Summoning                    1
   d - Apportation                    Translocation                1
Comestibles
 f - 12 rations
 j - 4 chunks of flesh


   Skills:
 + Level 3.5 Fighting
 - Level 2.0 Short Blades
 - Level 2.0 Throwing
 * Level 6.2 Dodging
 - Level 8.0 Stealth
 - Level 8.0 Unarmed Combat


You had 8 spell levels left.
You didn't know any spells.

Dungeon Overview and Level Annotations

Branches:
Dungeon (6/15)
 Temple: D:4-7

Altars:
Ashenzari
Dithmenos
Elyvilon
Hepliaklqana
Wu Jian
Zin

Shops:
D:4 !


Innate Abilities, Weirdness & Mutations

You cannot wear most types of armour.
You are very stealthy in the water. (Stealth+)
You are amphibious.
You can wear up to eight rings at the same time.
You can use your tentacles to constrict eight enemies at once.
Your skin changes colour to match your surroundings (Stealth+).
Your rubbery body absorbs attacks. (AC +1, EV +1)


Message History

* * * LOW HITPOINT WARNING * * *
You see here an arrow.
You tentacle-slap the centaur.
The centaur is lightly wounded.
The centaur misses you. The gnoll completely misses you.
Press: ? - help, v - describe, . - travel, g - get item
Here: a centaur (lightly wounded)
A whip.
There is something else lying underneath.
The floor, spattered with blood.
Okay, then.
Okay, then.
Evoke which item? (* to show all) (? for menu, Esc to quit)
Aiming: Enslavement
Press: ? - help, Shift-Dir - straight line, f - centaur
Aim: a centaur (lightly wounded, chance to defeat MR: 46%)
The centaur resists with some effort.
The centaur hits you.
* * * LOW HITPOINT WARNING * * *
The gnoll hits you from afar with a halberd!
You die...

.. #.##...c#
##.##....# ..
...#...g+ ....
#..#.)g.##....
#..#....##... #
#.%#.#.....#
#.####g.#.......# #
#(..@cgg..$.._..#.#
#######.###.....#.#
..............#
#####<#####.###
#........#
#.#.#.#..#
#.#.#.#..#
#####+#'#+#.#..#
#...........#..#


You could see a centaur and 3 gnolls.

Vanquished Creatures
  Grinder (D:5)
  The ghost of supermoro the Ducker, an amateur MfGl of Gozag (D:3)
  A sky beast (D:5)
  Purgy (Sewer)
  An ice beast (D:5)
  3 ogres
  A bullfrog (D:6)
  3 scorpions
  2 orc priests
  A bullfrog skeleton (D:4)
  A gnoll shaman (D:6)
  3 hounds
  3 orc wizards
  Ijyb (D:5)
  Jessica (D:3)
  An iguana (D:5)
  Natasha (thrice) (D:3)
  3 worker ants (D:5)
  7 gnolls
  6 adders
  A shadow imp (D:5)
  3 oozes
  2 dart slugs
  4 leopard geckos
  12 orcs
  10 bats
  8 giant cockroaches
  5 goblins
  7 hobgoblins
  10 jackals
  6 kobolds
  3 quokkas
  A ball python (D:2)
  5 frilled lizards
  A jackal skeleton (D:4)
  12 rats
134 creatures vanquished.

Vanquished Creatures (others)
  A quokka (D:4)
1 creature vanquished.

Grand Total: 135 creatures vanquished

Notes
Turn   | Place    | Note
-------+----------+-------------------------------------------
     0 | D:1      | PentaManta the Octopode Assassin began the quest for the Orb.
     0 | D:1      | Reached XP level 1. HP: 14/14 MP: 1/1
     1 | D:1      | Noticed an electric eel
   112 | D:1      | Reached skill level 1 in Unarmed Combat
   112 | D:1      | Reached XP level 2. HP: 7/19 MP: 2/2
   479 | D:1      | Found a shattered altar of Ashenzari.
   502 | D:1      | Reached XP level 3. HP: 24/24 MP: 3/3
   965 | D:2      | Found an ornate altar of the Wu Jian Council.
  1520 | D:3      | Reached XP level 4. HP: 26/29 MP: 4/4
  1908 | D:3      | Reached XP level 5. HP: 34/34 MP: 5/5
  2159 | D:3      | Noticed Jessica
  2213 | D:3      | Noticed supermoro's ghost (amateur MfGl)
  2213 | D:3      | Killed Jessica
  2445 | D:3      | Noticed Natasha
  2452 | D:3      | Killed Natasha
  2527 | D:3      | Noticed Natasha
  3190 | D:3      | Killed Natasha
  3190 | D:3      | Reached XP level 6. HP: 16/39 MP: 6/6
  3511 | D:3      | Noticed Natasha
  3529 | D:3      | Killed Natasha
  4106 | D:4      | Reached skill level 5 in Unarmed Combat
  4339 | D:4      | Reached XP level 7. HP: 25/45 MP: 7/7
  4499 | D:4      | Found Diwepsy's Distillery.
  4507 | D:4      | Bought a potion of heal wounds for 55 gold pieces
  4507 | D:4      | Bought a potion of heal wounds for 55 gold pieces
  4507 | D:4      | Bought a potion of heal wounds for 55 gold pieces
  4507 | D:4      | Bought a potion of heal wounds for 55 gold pieces
  4674 | D:4      | Found a white marble altar of Elyvilon.
  4775 | D:5      | Entered Level 5 of the Dungeon
  4797 | D:5      | Found a glowing drain.
  4824 | Sewer    | Entered a sewer
  4828 | Sewer    | Noticed Purgy
  4835 | Sewer    | Killed Purgy
  5113 | D:5      | Found a glowing silver altar of Zin.
  5295 | D:5      | Noticed Ijyb
  5400 | D:5      | Noticed Grinder
  5491 | D:5      | Killed Grinder
  5491 | D:5      | Reached XP level 8. HP: 35/50 MP: 8/8
  5691 | D:5      | Found a hazy altar of Hepliaklqana.
  5885 | D:5      | Killed Ijyb
  6207 | D:5      | Reached skill level 5 in Dodging
  6588 | D:3      | HP: 2/51 [supermoro's ghost (13)]
  6622 | D:3      | Killed supermoro's ghost
  6738 | D:6      | Reached XP level 9. HP: 43/57 MP: 9/9
  6815 | D:6      | Found a shadowy altar of Dithmenos.
  6845 | D:6      | Slain by a gnoll

Skill      XL: |  1  2  3  4  5  6  7  8  9 |
---------------+----------------------------+-----
Unarmed Combat | 1 2 3 4 5 7 8 |  8.0
Stealth        | 6 7 8 |  8.0
Dodging        | 3 5 6 |  6.2
Fighting       | 3 |  3.5
Short Blades   | |  2.0
Throwing       | |  2.0

Action                   |  1- 3 |  4- 6 |  7- 9 || total
-------------------------+-------+-------+-------++-------
Melee: Unarmed           |    78 |   128 |   169 ||   375
       Constrict         |    20 |    37 |    31 ||    88
       Tentacles         |    16 |    24 |    41 ||    81
       Punch             |       |     3 |     6 ||     9
 Fire: Blowgun           |       |     5 |    14 ||    19
Throw: Stone             |       |       |     3 ||     3
Evoke: Wand              |       |       |     3 ||     3
  Use: Scroll            |       |    11 |     3 ||    14
       Potion            |       |       |     8 ||     8
 Stab: Sleeping          |    12 |     7 |    11 ||    30
       Distracted        |       |       |     1 ||     1
  Eat: Chunk             |     2 |     9 |     8 ||    19
Armor: Skin              |     4 |     3 |     4 ||    11
Dodge: Dodged            |    37 |    63 |   103 ||   203
